 Dungeon Crawl Stone Soup version 0.29.1-12-g30fa7ad0bf (webtiles) character file.

Game seed: 11926911968640549383

266 sanboga the Chopper (level 6, -1/56 HPs)
             Began as a Minotaur Berserker on Jan 5, 2023.
             Was a Priest of Trog.
             Slain by a gnoll
             ... wielding a +0 spear
              (7 damage)
             ... on level 3 of the Dungeon.
             The game lasted 00:03:02 (2323 turns).

sanboga the Chopper (Minotaur Berserker)            Turns: 2323, Time: 00:03:03

Health: -1/56      AC: 14    Str: 34    XL:     6   Next: 0%
Magic:  5/5        EV:  9    Int:  6    God:    Trog [***...]
Gold:   128        SH:  5    Dex:  6    Spells: 5/5 levels left

rFire   . . .      SeeInvis .   o - +2 falchion "Radillau" {speed, Str+10 Int+2 Dex-3}
rCold   . . .      Faith    .   (no shield)
rNeg    . . .      Spirit   .   i - +0 chain mail
rPois   .          Reflect  +   (helmet restricted)
rElec   .          Harm     .   (no cloak)
rCorr   .          Rampage  .   (no gloves)
Will    .....                   g - +0 pair of boots
Stlth   ..........              k - amulet of reflection
HPRegen 0.18/turn               q - +4 ring of protection
MPRegen 0.09/turn               (no ring)

@: mighty, lethally poisoned (-1 -> -5), silenced, attractive
A: horns 2, retaliatory headbutt
a: Renounce Religion


You were on level 3 of the Dungeon.
You worshipped Trog.
Trog was most pleased with you.
You visited 1 branch of the dungeon, and saw 4 of its levels.

You collected 128 gold pieces.

Inventory:

Hand Weapons
 o - the +2 falchion "Radillau" (weapon) {speed, Str+10 Int+2 Dex-3}
   (You found it on level 2 of the Dungeon)

   Attacks with this weapon are significantly faster.
   Str:       It affects your strength (+10).
   Int:       It affects your intelligence (+2).
   Dex:       It affects your dexterity (-3).
 v - a +0 war axe
Armour
 g - a +0 pair of boots (worn)
 i - a +0 chain mail (worn)
Jewellery
 k - an amulet of reflection (around neck)
 m - a ring of ice
 q - a +4 ring of protection (left hand)
Wands
 t - a wand of quicksilver (8)
Scrolls
 a - a scroll of summoning {unknown}
 c - a scroll of amnesia {unknown}
 f - a scroll of fog {unknown}
 h - a scroll of fear {unknown}
 j - 2 scrolls of noise {unknown}
 p - a scroll of teleportation {unknown}
 u - a scroll of immolation {unknown}
 x - a scroll of magic mapping {unknown}
 y - 2 scrolls of blinking {unknown}
Potions
 b - a potion of invisibility {unknown}
 e - 3 potions of curing {unknown}
 l - 2 potions of heal wounds {unknown}
 n - a potion of flight {unknown}
 w - a potion of mutation {unknown}


   Skills:
 + Level 5.1 Fighting
 * Level 6.3 Axes
 + Level 4.2 Armour
 - Level 2.1 Dodging


You had 5 spell levels left.
You didn't know any spells.
Your spell library was empty.

Dungeon Overview and Level Annotations

Branches:
Dungeon (4/15)
 Temple: D:4-7

Altars:
Sif Muna
Trog


Innate Abilities, Weirdness & Mutations

You have a pair of horns on your head.
You reflexively headbutt those who attack you in melee.


Message History

You feel very sick.
You barely miss the orc.
The orc is severely wounded.
You feel sick. The orc barely misses you. You furiously retaliate!
You headbutt the orc!
The orc hits you with a +0 hand axe of venom.
You are more poisoned.
The gnoll hits you but does no damage.
You are too injured to fight recklessly!
You slash the orc!
You kill the orc!
Trog accepts your kill.
You feel very sick. You block the orc's attack. You block the gnoll's attack.
You feel very sick. You block the orc's attack.
Items here: ( )))) [[ †.
You hit the orc but do no damage.
The orc is almost dead.
You feel sick. The orc barely misses you. You furiously retaliate!
You headbutt the orc.
You kill the orc!
Trog accepts your kill. You block the gnoll's attack.
You have reached level 6!
As you read the scroll labelled KOSYQO EGOMUCA, it crumbles to dust.
A profound silence engulfs you.
It was a scroll of silence.
You feel sick. The gnoll barely misses you.
The gnoll hits you from afar with a +0 spear.
* * * LOW HITPOINT WARNING * * *
It was a potion of might.
You feel very mighty all of a sudden.
* * * LOW HITPOINT WARNING * * *
You feel sick. The gnoll hits you but does no damage.
The gnoll completely misses you.
It was a potion of attraction.
You feel attractive to monsters.
You feel sick.
The gnoll hits you from afar with a +0 spear!
You die...

≈§.### .###
§.... ...#
..#.#)#.#
....... §§ .....
..§§##...#######
≈≈≈............#
§≈# #@)# #.# §≈#
#.)# #.# §≈#
§.###gg#####.#
.≈§
≈§.....g...##.#
...
....###.....#.#
.§≈ ≈≈.
###.#...# .≈# #
#.....#######
.≈#
#####.#.#......
.≈#
......#...#####


You could see 3 gnolls.

Vanquished Creatures
  Edmund (D:4)
  Robin (D:2)
  4 adders
  A dart slug (D:3)
  16 orcs (D:3)
  6 ball pythons
  8 endoplasms
  2 giant cockroaches
  6 hobgoblins
  5 kobolds
  3 quokkas
  6 bats
  4 frilled lizards
  15 goblins
  4 rats
82 creatures vanquished.

Notes
Turn   | Place    | Note
-------+----------+-------------------------------------------
     0 | D:1      | sanboga the Minotaur Berserker began the quest for the Orb.
     0 | D:1      | Reached XP level 1. HP: 19/19 MP: 0/0
   229 | D:1      | Reached skill level 4 in Axes
   231 | D:1      | Reached XP level 2. HP: 27/27 MP: 1/1
   675 | D:1      | Reached ** piety under Trog
  1074 | D:2      | Reached XP level 3. HP: 33/33 MP: 2/2
  1118 | D:2      | Identified the +2 falchion "Radillau" {speed, Str+10 Int+2
                  | Dex-3}
  1164 | D:2      | Noticed Robin
  1180 | D:2      | Killed Robin
  1459 | D:2      | Reached XP level 4. HP: 36/40 MP: 3/3
  1549 | D:2      | Reached skill level 5 in Axes
  1639 | D:2      | You fall into a shaft and drop 2 floors!
  1642 | D:4      | Found a bloodstained altar of Trog.
  1666 | D:4      | Noticed Edmund
  1676 | D:4      | Killed Edmund
  1677 | D:4      | Reached XP level 5. HP: 47/47 MP: 4/4
  1757 | D:3      | Reached skill level 6 in Axes
  1939 | D:3      | Found a shimmering blue altar of Sif Muna.
  1972 | D:3      | Found a faded altar of an unknown god.
  1996 | D:3      | Reached *** piety under Trog
  2001 | D:3      | Reached skill level 5 in Fighting
  2321 | D:3      | Reached XP level 6. HP: 12/56 MP: 5/5
  2323 | D:3      | Slain by a gnoll

Illustrated notes

Levels and vault maps discovered:
D:1:      heliophobic_arrival_glass_houses, layout_loops_ring,
          minmay_misc_feat_encased, serial_bayou_ford_a, minmay_pentomino_u4
D:2:      layout_rooms, uniq_robin
D:3:      layout_basic, nicolae_sif_muna_little_library,
          hellmonk_ecumenical_altar_heavens_door,
          chequers_serial_rivers_micro_e, kennysheep_boxes
D:4:      layout_loops_ring, nicolae_overflow_hidden_temple, uniq_sigmund,
          uniq_edmund, uniq_grinder, uniq_pargi

Skill      XL: |  1  2  3  4  5 |
---------------+----------------+-----
Axes           | 4 5 6 |  6.3
Fighting       | 4 5 |  5.1
Armour         | 3 4 |  4.2
Dodging        | |  2.1

Action                   |  1- 3 |  4- 6 || total
-------------------------+-------+-------++-------
Melee: Hand axe          |    53 |       ||    53
       Headbutt          |    10 |     8 ||    18
       Falchion          |    38 |    98 ||   136
Invok: Berserk           |     1 |     1 ||     2
  Use: Potion            |       |     2 ||     2
       Scroll            |       |     1 ||     1
Armor: Animal skin       |     5 |       ||     5
       Chain mail        |    34 |    52 ||    86
Dodge: Dodged            |    44 |    46 ||    90
Block: Other             |    18 |    24 ||    42
       Reflection        |       |     1 ||     1
